Map: King's Cove LE

Players

Reynor - Winner!

  • Race: Zerg Zerg
  • League: Master
  • Spawn Location: 5:00

DnS

  • Race: Protoss Protoss
  • Spawn Location: 11:00

Event: HomeStory Cup XIX

VOD

Have the link to the VOD?

Description

Time

  • Played on: June 29, 2019, 6:35 a.m.
  • Length: 26:52

All games in this series

Show
View Real Time Build Order
Export as new Build Order

Reynor Zerg - Winner!

Build Orders: Pool First 

Get SALT Encoding   

  12  0:17  Spawning Pool  
  11  0:22  Drone  
  11  0:26  Drone  
  13  0:30  Drone  
  14  0:40  Overlord  
  14  1:04  Zergling x4  
  14  1:05  Zergling x2  
  17  1:17  Hatchery  
  16  1:19  Zergling x2  
  17  1:32  Drone  
  18  1:35  Queen  
  18  1:39  Drone  
  21  1:48  Overlord  
  21  1:59  Drone  
  22  2:11  Extractor, Drone, Queen  
  24  2:21  Drone  
  24  2:28  Drone  
  22  2:33  Zergling x2  
  23  2:39  Zergling x2  
  23  2:42  Drone  
  23  2:43  Queen  
  27  2:50  Zergling x2  
  28  2:53  Zergling x2  
  29  3:00  Drone x3  
  29  3:01  Zergling x2  
  33  3:06  Zergling x2  
  36  3:15  Overlord  
  36  3:23  Drone x2  
  36  3:29  Overlord  
  34  3:35  Drone x4  
  38  3:45  Drone x2  
  40  3:53  Zergling x4  
  40  3:55  Drone  
  43  3:56  Queen  
  43  3:57  Metabolic Boost  
  43  3:59  Overlord  
  45  4:14  Drone x4  
  45  4:16  Overlord, Spore Crawler  
  48  4:17  Spore Crawler  
  48  4:19  Drone  
  48  4:20  Drone  
  49  4:33  Hatchery  
  49  4:35  Drone  
  49  4:37  Drone  
  50  4:41  Drone x2  
  50  4:43  Drone  
  52  4:47  Queen  
  52  4:52  Overlord  
  54  4:57  Drone x3  
  54  4:59  Drone  
  58  5:00  Drone  
  58  5:04  Drone  
  60  5:07  Overlord  
  60  5:15  Drone  
  60  5:16  Drone x4  
  60  5:21  Queen  
  65  5:23  Queen  
  65  5:27  Drone x2  
  65  5:31  Extractor  
  65  5:32  Spore Crawler  
  65  5:33  Drone  
  65  5:34  Drone  
  67  5:42  Drone x2  
  67  5:43  Overlord, Drone x3  
  67  5:47  Drone  
  71  5:54  Drone  
  71  5:55  Roach Warren, Drone  
  71  5:57  Queen  
  72  5:59  Spore Crawler  
  72  6:02  Queen  
  75  6:07  Extractor  
  75  6:08  Extractor, Drone x4  
  77  6:16  Zergling x4  
  77  6:17  Overlord  
  78  6:19  Lair  
  78  6:21  Extractor  
  78  6:22  Evolution Chamber  
  76  6:26  Drone x2  
  76  6:31  Overlord  
  78  6:35  Roach x5  
  78  6:37  Roach x3  
  78  6:39  Roach  
  96  6:44  Overlord  
  96  6:53  Overlord  
  97  6:54  Drone  
  97  6:57  Overlord  
  97  7:03  Roach x5  
  97  7:06  Queen  
  97  7:07  Queen  
  102  7:10  Roach x3  
  102  7:15  Roach x5  
  113  7:22  Drone x2  
  115  7:26  Roach x2  
  115  7:29  Queen  
  115  7:31  Glial Reconstitution  
  115  7:34  Overlord  
  115  7:35  Drone x4  
  117  7:45  Zerg Melee Weapons Level 1  
  117  7:51  Drone x4  
  119  7:56  Drone x2  
  119  7:57  Extractor  
  120  7:59  Extractor  
  120  8:01  Drone  
  120  8:04  Hatchery  
  120  8:05  Drone  
  120  8:06  Hydralisk Den  
  120  8:10  Overlord, Drone x4  
  122  8:16  Drone  
  123  8:24  Baneling Nest  
  122  8:29  Overseer, Zergling x14  
  122  8:30  Pneumatized Carapace  
  122  8:33  Zergling x4  
  131  8:38  Overlord  
  131  8:44  Drone x2  
  131  8:45  Grooved Spines  
  131  8:46  Hydralisk x2  
  137  8:49  Overlord  
  137  8:55  Overlord  
  137  8:57  Hydralisk x4  
  137  9:01  Overlord  
  145  9:05  Drone  
  145  9:06  Infestation Pit  
  145  9:07  Hydralisk x4  
  145  9:09  Zergling x2  
  153  9:16  Drone x2  
  153  9:17  Centrifical Hooks  
  153  9:23  Hydralisk x2  
  157  9:27  Drone x5  
  157  9:29  Extractor  
  157  9:30  Zergling x2  
  157  9:31  Zergling x8  
  166  9:35  Overlord x2  
  166  9:42  Zerg Melee Weapons Level 2  
  165  9:48  Overlord  
  165  9:51  Hive  
  165  9:55  Zergling x18  
  165  9:56  Drone x2  
  165  9:57  Drone  
  174  10:04  Drone  
  174  10:05  Spire, Muscular Augments  
  174  10:16  Drone  
  174  10:17  Drone  
  176  10:24  Baneling  
  176  10:25  Hatchery, Baneling x17  
  176  10:27  Drone x3  
  178  10:28  Drone x2  
  178  10:29  Extractor, Hydralisk x2  
  178  10:30  Zergling x4  
  185  10:38  Overlord  
  185  10:41  Baneling x6  
  185  10:42  Zergling x2, Hydralisk x2  
  190  10:43  Zergling x8  
  190  10:45  Overlord  
  190  10:48  Hydralisk  
  190  10:49  Zergling x4  
  198  10:58  Hydralisk  
  198  11:02  Baneling x6  
  200  11:10  Baneling x11  
  200  11:13  Hydralisk x2  
  200  11:16  Overseer  
  196  11:19  Zergling x4, Hydralisk  
  196  11:20  Zergling x8  
  187  11:33  Hydralisk x6  
  187  11:34  Zergling x2  
  176  11:47  Hydralisk  
  176  11:48  Hydralisk x6  
  176  11:49  Zergling x10  
  176  11:54  Zergling x4, Hydralisk  
  182  11:55  Zergling x4  
  182  11:58  Baneling x5  
  183  12:02  Zergling x12  
  183  12:06  Hydralisk x2  
  193  12:08  Baneling  
  193  12:09  Baneling x6  
  193  12:10  Baneling  
  193  12:12  Zergling x2  
  194  12:17  Baneling x6  
  180  12:23  Hydralisk  
  180  12:24  Zergling x16  
  180  12:28  Hydralisk  
  156  12:31  Hydralisk  
  156  12:32  Zergling x4  
  156  12:36  Zergling x4, Hydralisk  
  149  12:38  Hydralisk x2  
  149  12:39  Zergling x8  
  149  12:42  Hydralisk x2  
  145  12:48  Greater Spire, Hydralisk x2  
  138  12:52  Drone x4  
  138  12:55  Drone x4  
  146  12:58  Hydralisk x2  
  150  13:13  Extractor  
  150  13:15  Corruptor x5, Extractor  
  150  13:17  Zergling x6  
  161  13:20  Zergling x2  
  161  13:21  Zergling x12  
  161  13:26  Drone x2  
  170  13:40  Adrenal Glands  
  170  13:43  Zergling x16  
  170  13:44  Zergling x4  
  180  13:53  Overlord  
  180  13:54  Overseer  
  180  14:00  Drone  
  181  14:04  Brood Lord x5  
  181  14:09  Hatchery, Pathogen Glands  
  189  14:12  Zergling x20  
  199  14:33  Spore Crawler  
  199  14:34  Spore Crawler x2  
  199  14:35  Spore Crawler  
  199  14:36  Spore Crawler x2  
  188  14:42  Hydralisk x4  
  188  14:43  Hydralisk x3  
  200  14:54  Overlord  
  196  15:10  Drone x4  
  196  15:11  Queen  
  196  15:14  Extractor, Drone x3  
  196  15:15  Drone x2  
  196  15:17  Extractor  
  198  15:23  Baneling x6  
  198  15:24  Drone x2  
  200  15:30  Zerg Missile Weapons Level 1  
  200  15:34  Evolution Chamber x2  
  196  15:48  Infestor  
  196  15:49  Infestor x5  
  182  15:57  Infestor  
  182  15:58  Infestor x7  
  182  16:01  Drone x7  
  182  16:02  Corruptor x3, Zerg Flyer Armor Level 1  
  182  16:03  Corruptor  
  196  16:05  Zergling x14  
  197  16:18  Drone x4  
  200  16:21  Spore Crawler  
  200  16:22  Spore Crawler  
  200  16:23  Spore Crawler  
  200  16:25  Zerg Melee Weapons Level 3, Zerg Ground Armor Level 1  
  195  16:32  Baneling  
  193  16:34  Neural Parasite  
  193  16:35  Drone x2, Queen  
  193  16:37  Queen  
  199  16:52  Brood Lord x4  
  199  17:27  Hatchery  
  194  17:35  Infestor x3  
  198  17:42  Spore Crawler x2  
  198  17:43  Spore Crawler  
  194  17:44  Drone x7, Spore Crawler x2  
  194  17:45  Drone, Spore Crawler  
  194  17:46  Spore Crawler  
  197  17:55  Spore Crawler  
  197  17:56  Zerg Missile Weapons Level 2  
  197  17:57  Spore Crawler  
  195  17:59  Queen  
  195  18:08  Infestor x2  
  195  18:09  Infestor  
  199  18:20  Zerg Ground Armor Level 2, Extractor  
  188  18:43  Infestor  
  188  18:44  Infestor x4  
  176  18:56  Corruptor x5  
  176  18:59  Infestor x3  
  176  19:00  Infestor x2  
  196  19:12  Infestor  
  198  19:24  Spine Crawler  
  197  19:25  Spine Crawler  
  197  19:27  Spine Crawler  
  197  19:28  Zergling x8  
  199  19:34  Overseer x2  
  199  19:44  Spire  
  198  19:46  Spire  
  198  19:47  Zergling x6  
  192  20:02  Infestor x3  
  192  20:03  Infestor  
  200  20:10  Baneling  
  200  20:11  Baneling x2  
  192  20:26  Zergling x20  
  200  20:32  Baneling x11  
  199  20:37  Zergling x2  
  197  20:51  Zerg Missile Weapons Level 3, Zerg Ground Armor Level 3  
  197  20:53  Zergling x2  
  197  20:54  Zergling x8  
  197  20:56  Infestor x2  
  197  20:59  Zergling x2  
  197  21:00  Zergling x6  
  197  21:03  Zergling x2  
  199  21:09  Greater Spire  
  199  21:11  Zerg Flyer Armor Level 2  
  199  21:31  Spore Crawler  
  199  21:32  Spore Crawler  
  197  21:33  Spore Crawler x2  
  197  21:34  Spore Crawler  
  194  21:40  Spore Crawler x2  
  194  21:41  Spore Crawler x2  
  174  21:48  Infestor x14  
  174  21:52  Spore Crawler x2  
  174  21:53  Spore Crawler  
  193  21:59  Zergling x22  
  193  22:00  Zergling x2  
  198  22:09  Zergling x2  
  180  22:32  Zergling x18  
  180  22:33  Zergling x18  
  188  23:02  Brood Lord x4  
  188  23:03  Infestor x2  
  188  23:04  Infestor  
  192  23:08  Hatchery  
  192  23:09  Infestor  
  192  23:11  Infestor  
  195  23:14  Drone x3  
  195  23:15  Drone  
  195  23:18  Drone  
  198  23:35  Zerg Flyer Weapons Level 1, Zerg Flyer Armor Level 3  
  197  23:52  Baneling x5, Infestor  
  197  24:18  Zergling x6  
  180  24:57  Infestor x5  
  180  24:59  Zergling x18  
  197  25:09  Hydralisk Den  
  194  25:14  Zergling x2  
  194  25:15  Zergling x10  
  194  25:20  Zergling x2  
  194  25:21  Zergling x4  
  199  25:49  Infestor  
  184  25:50  Infestor x6  
  198  26:10  Overseer x3  
  198  26:11  Overseer x3  
  198  26:14  Baneling  
  198  26:15  Baneling x2  
  198  26:35  Hatchery  
Show
View Real Time Build Order
Export as new Build Order

DnS Protoss 

Build Orders: Oracle Opening, Archon Immortal, Carriers, Archon Drop 

Get SALT Encoding   

  12  0:00  Probe  
  13  0:12  Probe  
  14  0:18  Pylon  
  14  0:24  Probe  
  15  0:32  Probe  
  15  0:38  Gateway  
  15  0:40  Probe  
  16  0:48  Assimilator  
  17  0:50  Probe  
  18  1:03  Probe  
  19  1:15  Probe  
  19  1:16  Zealot  
  20  1:25  Gateway  
  22  1:27  Cybernetics Core  
  22  1:32  Pylon  
  22  1:44  Zealot  
  23  1:50  Probe  
  24  2:02  Adept, Probe  
  25  2:11  Adept  
  25  2:14  Probe  
  31  2:34  Nexus  
  31  2:36  Probe  
  31  2:39  Warp Gate  
  31  2:47  Assimilator  
  31  2:51  Pylon  
  31  3:00  Stargate  
  31  3:09  Probe  
  32  3:21  Probe  
  32  3:25  Stalker  
  35  3:34  Oracle  
  35  3:36  Probe  
  36  3:45  Probe  
  36  3:48  Probe  
  41  3:53  Probe  
  41  3:57  Pylon  
  41  4:00  Probe  
  41  4:01  Probe  
  44  4:11  Probe  
  44  4:12  Probe  
  44  4:13  Oracle  
  49  4:19  Assimilator, Probe  
  49  4:20  Assimilator  
  50  4:24  Probe  
  50  4:28  Probe  
  51  4:32  Robotics Facility  
  51  4:36  Probe  
  53  4:38  Pylon  
  53  4:40  Probe  
  54  4:49  Probe  
  54  4:50  Probe  
  56  4:57  Twilight Council  
  56  4:58  Probe  
  56  5:01  Probe  
  56  5:04  Gateway x2  
  56  5:06  Probe  
  58  5:08  Warp Prism  
  58  5:13  Probe  
  60  5:17  Charge  
  62  5:38  Templar Archives  
  62  5:39  Gateway  
  62  5:41  Gateway  
  62  5:43  Probe  
  62  5:45  Pylon  
  63  5:51  Zealot x2  
  67  6:10  Probe  
  68  6:16  High Templar x4  
  76  6:20  Archon  
  76  6:21  Archon, Pylon  
  76  6:25  Probe x2  
  78  6:26  Nexus  
  78  6:28  Pylon  
  78  6:39  Probe x2, Pylon  
  81  6:40  Observer  
  81  6:52  Probe x2  
  83  6:54  Zealot x5, Immortal  
  93  7:03  Forge  
  93  7:04  Probe x2  
  87  7:16  Probe  
  87  7:17  Stalker x2  
  87  7:18  Sentry x2  
  87  7:19  Sentry  
  94  7:23  Probe, Immortal  
  94  7:27  Shield Battery  
  89  7:43  Protoss Ground Weapons Level 1  
  89  7:49  Immortal  
  86  7:52  Probe x3  
  89  8:02  Pylon  
  89  8:03  Pylon  
  89  8:04  Probe x2, High Templar x2  
  99  8:06  Probe, Pylon  
  99  8:09  Archon  
  100  8:16  Probe x2  
  100  8:18  Assimilator, Probe  
  100  8:19  Assimilator  
  103  8:21  Immortal  
  103  8:25  Robotics Facility  
  103  8:28  Probe x2  
  103  8:31  Probe  
  110  8:44  Gateway  
  110  8:45  Psionic Storm, Gateway  
  110  8:48  Pylon  
  110  8:54  Immortal  
  110  8:57  Pylon  
  110  9:01  High Templar  
  116  9:02  Zealot x2  
  116  9:03  Zealot  
  116  9:06  Pylon  
  122  9:21  Nexus  
  122  9:23  Probe x3, Pylon  
  129  9:28  High Templar x2  
  129  9:29  High Templar  
  135  9:45  Pylon  
  135  9:46  Zealot x5  
  146  9:56  Protoss Ground Weapons Level 2  
  141  10:06  Warp Prism, Gateway x2  
  141  10:08  Photon Cannon  
  141  10:09  Gateway  
  141  10:10  High Templar  
  141  10:11  Gateway, High Templar x3  
  141  10:13  Photon Cannon  
  149  10:15  Archon x2  
  151  10:23  Assimilator  
  151  10:24  Photon Cannon  
  151  10:27  Assimilator  
  151  10:28  Photon Cannon  
  151  10:30  Photon Cannon  
  151  10:33  Shield Battery  
  151  10:36  High Templar x2  
  151  10:37  Zealot x2  
  151  10:40  Archon  
  151  10:42  Photon Cannon  
  159  10:43  Photon Cannon  
  159  10:50  High Templar  
  159  10:51  High Templar  
  159  10:54  Archon  
  163  11:02  High Templar x2  
  163  11:03  Zealot  
  163  11:04  Zealot  
  171  11:06  Zealot x4  
  171  11:09  Archon  
  173  11:12  Zealot x2  
  167  11:26  Zealot, High Templar x2  
  167  11:27  Zealot x4  
  167  11:31  Archon  
  181  11:34  High Templar  
  181  11:35  High Templar  
  177  11:40  Archon  
  151  11:53  Zealot x2  
  151  11:54  Zealot x6  
  159  12:07  High Templar x3  
  159  12:08  High Templar  
  167  12:11  Archon x2  
  167  12:14  Zealot x7  
  165  12:26  Zealot  
  137  12:34  Zealot x3  
  137  12:35  Zealot x4  
  121  12:40  Zealot x4  
  97  12:51  High Templar  
  97  12:56  High Templar x2  
  97  12:57  High Templar x3  
  107  13:11  Protoss Shields Level 1  
  107  13:12  High Templar x2  
  111  13:15  High Templar  
  111  13:16  Archon, High Templar  
  115  13:20  Archon  
  115  13:23  Probe  
  115  13:24  Probe x2, Fleet Beacon  
  115  13:26  Zealot x3  
  124  13:35  Zealot  
  124  13:36  Zealot x3  
  124  13:39  Protoss Air Weapons Level 1  
  132  13:45  Stargate  
  132  13:49  Stargate  
  132  14:00  Carrier, High Templar x2  
  136  14:06  Zealot x6  
  136  14:07  Archon, Zealot  
  156  14:10  Nexus  
  156  14:12  Pylon  
  142  14:28  Carrier  
  142  14:29  Carrier  
  148  14:44  Zealot x5  
  148  14:45  Zealot  
  158  14:47  Stalker x2  
  156  15:06  Carrier  
  162  15:12  Protoss Ground Weapons Level 3  
  160  15:14  High Templar x2  
  160  15:18  Archon, Carrier  
  160  15:20  Pylon  
  158  15:22  Pylon  
  158  15:24  Zealot x2  
  158  15:25  Zealot x2  
  172  15:44  Zealot, Sentry  
  172  15:45  Zealot x5  
  176  15:50  Zealot x3  
  177  16:01  Sentry x2  
  165  16:12  Protoss Air Weapons Level 2  
  165  16:19  High Templar  
  165  16:20  High Templar  
  165  16:21  Probe  
  170  16:26  Sentry  
  170  16:28  Pylon x2  
  170  16:30  Gateway  
  170  16:32  Archon  
  170  16:33  High Templar x2  
  170  16:37  Archon, Photon Cannon  
  174  16:40  Photon Cannon  
  174  16:51  Photon Cannon x2  
  166  16:55  Warp Prism  
  166  17:00  Assimilator, High Templar x4  
  174  17:04  Archon x2  
  176  17:12  Assimilator  
  176  17:14  Zealot x2  
  179  17:19  Zealot  
  181  17:26  Assimilator  
  179  17:32  High Templar x4  
  185  17:39  Archon x2  
  185  17:46  Photon Cannon, High Templar  
  185  17:47  High Templar  
  185  17:48  Photon Cannon  
  189  17:51  Archon  
  189  17:57  Zealot  
  189  17:58  Zealot x5  
  197  18:12  Zealot x4  
  181  18:34  Zealot x8  
  181  18:35  Zealot  
  193  18:46  Carrier  
  193  18:48  Carrier x2  
  173  18:59  Probe x3  
  180  19:07  Mothership  
  183  19:24  High Templar x2  
  183  19:25  Zealot  
  183  19:29  Archon  
  183  19:30  Protoss Air Weapons Level 3  
  189  19:44  High Templar x2  
  193  19:46  Nexus  
  185  19:59  Archon  
  184  20:01  Carrier  
  184  20:06  Warp Prism  
  180  20:25  Zealot x10  
  196  20:28  Carrier  
  196  20:30  Carrier  
  180  21:00  Protoss Shields Level 2  
  170  21:04  High Templar  
  170  21:05  Zealot, High Templar  
  170  21:08  Photon Cannon  
  170  21:10  Photon Cannon  
  170  21:11  Carrier  
  176  21:15  Pylon  
  176  21:16  Assimilator, Probe  
  176  21:17  Assimilator, Probe x3  
  186  21:34  Observer  
  186  21:39  Warp Prism  
  189  21:42  High Templar x2  
  193  21:51  Archon  
  191  21:54  Photon Cannon  
  191  21:56  Photon Cannon  
  191  21:58  Pylon  
  181  22:04  Zealot x6  
  193  22:13  Observer  
  194  22:19  Assimilator  
  190  22:26  Carrier x2  
  178  22:31  High Templar x2  
  184  22:38  Protoss Air Armor Level 1  
  170  22:59  Carrier  
  170  23:03  Probe x3  
  170  23:04  Probe  
  170  23:05  High Templar x2  
  180  23:14  Archon  
  180  23:18  Shield Battery  
  180  23:19  Photon Cannon  
  180  23:26  Zealot x4  
  178  23:49  High Templar x3  
  178  23:50  High Templar  
  178  23:54  Archon x2  
  186  24:00  Zealot  
  188  24:06  Zealot x4  
  188  24:07  Zealot x2  
  194  24:25  Stargate  
  194  24:28  Stargate  
  182  24:57  Zealot  
  182  24:58  Zealot x10  
  172  25:13  High Templar  
  156  25:23  High Templar x2  
  156  25:34  Zealot x9  
  173  25:37  Archon  
  171  25:44  Archon  
  122  26:02  Zealot x10  
  122  26:03  Zealot  
  123  26:18  High Templar  
  123  26:24  High Templar  
  127  26:25  High Templar  
  124  26:44  Archon  
Tags
 
Add a new tag
Caveats
  • Supply blocks, unpowered buildings, or Contaminate may cause inaccurate times.
  • Supply counts are checked every 10 seconds.